WCHLSIM.com - West Coast Hockey League
html PUBLIC "-//W3C//DTD XHTML 1.0 Transitional//EN" "http://www.w3.org/TR/xhtml1/DTD/xhtml1-transitional.dtd"> WCHL - Game 85 - REGINA FALCONS vs COLORADO GLACIERCATS

REGINA FALCONS vs COLORADO GLACIERCATS

Created - 25 octobre 2023 at 21:41

Goals
1 2 3 OT1 T
REGINA FALCONS 2 2 0 1 5
COLORADO GLACIERCATS 1 3 0 0 4
Shots
1 2 3 OT1 T
REGINA FALCONS 9 4 5 1 19
COLORADO GLACIERCATS 9 12 14 0 35

1st period

1. COLORADO GLACIERCATS , Blake Wheeler 2 (Vladislav Gavrikov 1, Tomas Hertl 2) at 1:46
2. REGINA FALCONS , David Pastrnak 5 (Aaron Ekblad 3, Rickard Rakell 5) at 8:06
3. REGINA FALCONS , Rickard Rakell 4 (Eric Robinson 2) at 14:18

Penalties :
No Penalty

2nd period

4. COLORADO GLACIERCATS , Blake Wheeler 3 (Tomas Hertl 3, Vince Dunn 4) at 5:28 (PP)
5. REGINA FALCONS , Erik Gustafsson 1 (David Pastrnak 5, Rickard Rakell 6) at 6:27
6. COLORADO GLACIERCATS , Jamie Benn 4 (Kristopher Letang 3, Devon Toews 2) at 6:55
7. REGINA FALCONS , David Pastrnak 6 (John Klingberg 3, Andrei Kuzmenko 3) at 11:53
8. COLORADO GLACIERCATS , Devon Toews 2 (Jamie Benn 3, Tage Thompson 5) at 18:49 (PP)

Penalties :
Cole Perfetti (COL) for Slashing (Minor) at 1:02, Max Jones (REG) for Hooking (Minor) at 1:02, Alexander Edler (REG) for Elbowing (Minor) at 3:29, Erik Gustafsson (REG) for Charging (Minor) at 7:50, David Pastrnak (REG) for Hooking (Minor) at 16:42, Cole Smith (REG) for Hooking (Minor) at 18:45

3rd period

No Goal

Penalties :
Aaron Ekblad (REG) for Holding (Minor) at 2:25, Pierre-Olivier Joseph (REG) for Tripping (Minor) at 5:07

Overtime #1

9. REGINA FALCONS , David Pastrnak 7 (Aaron Ekblad 4) at 0:40

Penalties :
No Penalty

Goalie Stats

Chris Driedger (REG), 31 saves from 35 shots - (0,886), W, 2-2-1, 60:41 minutes
Andrei Vasilevskiy (COL), 14 saves from 19 shots - (0,737), OTL, 5-0-1, 60:41 minutes

Players Stats for REGINA FALCONS

Player Name              G  A  P  +/- PIM S  H  SB GA TA FO     MP     PP MP  PK MP  
------------------------------------------------------------------------------------
Aaron Ekblad             0  2  2   1  2   0  3  2  0  0  0/0    26:11   0:00   4:29 
Alexander Edler          0  0  0   0  2   0  1  0  0  0  0/0    12:32   0:00   0:00 
Andrei Kuzmenko          0  1  1   3  0   1  0  1  0  0  2/8    19:18   0:00   3:32 
Cole Smith               0  0  0   0  2   3  3  0  0  0  0/2    15:22   0:00   0:00 
David Pastrnak           3  1  4   4  2   4  1  0  0  0  3/7    24:32   0:00   5:11 
Eric Robinson            0  1  1  -1  0   2  1  0  0  0  0/0    14:55   0:00   0:00 
Erik Gustafsson          1  0  1   2  2   1  0  0  0  0  0/0    19:57   0:00   3:32 
Ivan Provorov            0  0  0   0  0   0  0  5  0  0  0/0    22:37   0:00   5:32 
Jacob Peterson           0  0  0  -1  0   1  0  0  0  0  3/16   16:11   0:00   1:16 
Jason Zucker             0  0  0  -2  0   2  4  0  0  0  0/0    22:00   0:00   3:32 
John Klingberg           0  1  1   2  0   2  2  2  0  0  0/0    20:53   0:00   4:27 
Marco Scandella          0  0  0   0  0   0  0  0  0  0  0/0     0:00   0:00   0:00 
Matthew Grzelcyk         0  0  0   0  0   0  0  0  0  0  0/0    13:55   0:00   1:22 
Max Jones                0  0  0   0  2   2  1  0  0  0  7/20   15:22   0:00   0:00 
Pierre-Olivier Joseph    0  0  0   0  2   0  1  0  0  0  0/0     4:32   0:00   0:36 
Rickard Rakell           1  2  3   5  0   1  2  0  0  0  5/18   23:18   0:00   6:27 
Sammy Walker             0  0  0   0  0   0  0  0  0  0  0/6     3:00   0:00   0:00 
Simon Ryfors             0  0  0   0  0   0  0  0  0  0  0/1    15:23   0:00   0:00 

Players Stats for COLORADO GLACIERCATS

Player Name              G  A  P  +/- PIM S  H  SB GA TA FO     MP     PP MP  PK MP  
------------------------------------------------------------------------------------
Adam Ruzicka             0  0  0  -3  0   0  0  0  0  0  5/8     4:42   0:00   0:00 
Alexander Wennberg       0  0  0   0  0   0  0  0  0  0  12/14  14:23   0:52   0:00 
Blake Wheeler            2  0  2   0  0   8  1  1  0  0  1/2    20:17   5:44   0:00 
Bryan Rust               0  0  0   0  0   2  4  0  0  0  1/3    20:17   5:44   0:00 
Cole Perfetti            0  0  0   0  2   3  0  0  0  0  0/0    13:30   0:00   0:00 
Devon Toews              1  1  2   1  0   1  0  0  0  0  0/0    22:33   3:53   0:00 
Dylan Samberg            0  0  0  -1  0   0  0  1  0  0  0/0    15:59   0:32   0:00 
Jamie Benn               1  1  2   1  0   6  1  0  0  0  0/0    20:38   3:23   0:00 
Kristopher Letang        0  1  1   0  0   6  0  0  0  0  0/0    23:09   5:34   0:00 
Leon Draisaitl           0  0  0   0  0   2  0  0  0  0  1/3    20:12   4:15   0:00 
Mario Ferraro            0  0  0  -1  0   2  0  1  0  0  0/0    15:27   0:00   0:00 
Matt Martin              0  0  0  -3  0   0  2  0  0  0  0/0     4:42   0:00   0:00 
Nino Niederreiter        0  0  0   0  0   1  0  0  0  0  1/2    14:23   0:52   0:00 
Sam Lafferty             0  0  0  -3  0   0  0  0  0  0  0/0     4:42   0:00   0:00 
Tage Thompson            0  1  1   0  0   1  0  0  0  0  20/26  21:19   3:23   0:00 
Tomas Hertl              0  2  2   0  0   0  0  1  0  0  17/20  20:17   5:44   0:00 
Vince Dunn               0  1  1  -2  0   0  0  1  0  0  0/0    22:32   4:39   0:00 
Vladislav Gavrikov       0  1  1  -2  0   3  0  1  0  0  0/0    21:01   5:20   0:00 

3 Stars

1 - David Pastrnak (REG)
2 - Rickard Rakell (REG)
3 - Blake Wheeler (COL)

Power Play

REGINA FALCONS - 0 on 0 Attempt(s) - 0,00%
COLORADO GLACIERCATS - 2 on 6 Attempt(s) - 33,33%

Penalty Kill

REGINA FALCONS - 4 on 6 Attempt(s) - 66,67% - Score 0 goal in Penalty Kill
COLORADO GLACIERCATS - 0 on 0 Attempt(s) - 0,00% - Score 0 goal in Penalty Kill

Team Stat

REGINA FALCONS - Hits : 19 - Faceoff Wins : 20 - Blocked Shots : 10 - Penalty Minutes : 14
COLORADO GLACIERCATS - Hits : 8 - Faceoff Wins : 58 - Blocked Shots : 6 - Penalty Minutes : 2

Official

Referees : Chris Lee and Dave Lewis
Linesman : Matt Brady and Kyle Flemington

Game Notes

David Pastrnak has scored a Hat Trick!

Finance

Level 1 -- Attendance: 7825 (89,94%) -- Ticket Income 1 252 000 $
Level 2 -- Attendance: 5062 (84,37%) -- Ticket Income 607 440 $
Level 3 -- Attendance: 2800 (93,33%) -- Ticket Income 252 000 $
Level 4 -- Attendance: 4745 (94,90%) -- Ticket Income 332 150 $
Luxury Box -- Attendance: 1215 (75,94%) -- Ticket Income 334 125 $
Game was played at the GC Place.
Total Attendance: 21647 (89,08%)
Total Ticket Income: 2 777 715 $
Other Expense: 27 777 $
Total Income: 2 749 938 $

REGINA FALCONS

5 vs 5 Forward 
   Center                   Left Wing                Right Wing               Time % Phy DF OF 
 1 Rickard Rakell           Andrei Kuzmenko          David Pastrnak           36     1   2  2  
 2 Jacob Peterson           Jason Zucker             Eric Robinson            31     1   2  2  
 3 Max Jones                Cole Smith               Simon Ryfors             23     1   2  2  
 4 Sammy Walker             Jason Zucker             David Pastrnak           10     1   2  2  

5 vs 5 Defense 
   Defense                  Defense                                           Time % Phy DF OF 
 1 Aaron Ekblad             Ivan Provorov                                     36     1   2  2  
 2 John Klingberg           Erik Gustafsson                                   31     1   2  2  
 3 Alexander Edler          Matthew Grzelcyk                                  23     1   2  2  
 4 Pierre-Olivier Joseph    Aaron Ekblad                                      10     1   2  2  

PowerPlay Forward 
   Center                   Left Wing                Right Wing               Time % Phy DF OF 
 1 Rickard Rakell           Andrei Kuzmenko          David Pastrnak           55     1   2  2  
 2 Jacob Peterson           Jason Zucker             Eric Robinson            45     1   2  2  

PowerPlay Defense
   Defense                  Defense                                           Time % Phy DF OF 
 1 Aaron Ekblad             Ivan Provorov                                     55     1   2  2  
 2 John Klingberg           Erik Gustafsson                                   45     1   2  2  

Penalty Kill 4 Players Forward 
   Center                   Wing                     Time % Phy DF OF 
 1 David Pastrnak           Rickard Rakell           55     1   2  2  
 2 Andrei Kuzmenko          Jason Zucker             45     1   2  2  

Penalty Kill 4 Players Defense
   Defense                  Defense                  Time % Phy DF OF 
 1 Aaron Ekblad             Ivan Provorov            55     1   2  2  
 2 John Klingberg           Erik Gustafsson          45     1   2  2  

Penalty Kill - 3 Players Forward 
   Forward                                           Time % Phy DF OF 
 1 David Pastrnak                                    55     1   2  2  
 2 Rickard Rakell                                    45     1   2  2  

Penalty Kill - 3 Players Defense
   Defense                  Defense                  Time % Phy DF OF 
 1 Aaron Ekblad             Ivan Provorov            55     1   2  2  
 2 John Klingberg           Erik Gustafsson          45     1   2  2  

4 vs 4 Forward 
   Center                   Wing                     Time % Phy DF OF 
 1 David Pastrnak           Rickard Rakell           55     1   2  2  
 2 Andrei Kuzmenko          Jason Zucker             45     1   2  2  

4 vs 4 Defense
   Defense                  Defense                  Time % Phy DF OF 
 1 Aaron Ekblad             Ivan Provorov            55     1   2  2  
 2 John Klingberg           Erik Gustafsson          45     1   2  2  

Last Minutes Offensive
   Center                   Left Wing                Right Wing               Defense                  Defense                  
   Rickard Rakell           Andrei Kuzmenko          David Pastrnak           Aaron Ekblad             Ivan Provorov            

Last Minutes Defensive
   Center                   Left Wing                Right Wing               Defense                  Defense                  
   Rickard Rakell           Andrei Kuzmenko          David Pastrnak           Aaron Ekblad             Ivan Provorov            

Goaltenders
Starting : Chris Driedger           
Backup : Cale Morris              

Extra Forwards
Normal : Cole Smith, David Pastrnak, Rickard Rakell - PP : Cole Smith, David Pastrnak - PK : David Pastrnak
Extra Defensemen
Normal : Alexander Edler, Matthew Grzelcyk, Pierre-Olivier Joseph - PP : Alexander Edler - PK : Matthew Grzelcyk, Pierre-Olivier Joseph
Penalty Shots
David Pastrnak, Rickard Rakell, Andrei Kuzmenko, Jason Zucker, Eric Robinson
Custom OT Lines Forwards
David Pastrnak, Rickard Rakell, Andrei Kuzmenko, Jason Zucker, Eric Robinson, Jacob Peterson, Cole Smith, Max Jones, Simon Ryfors, Sammy Walker
Custom OT Lines Defensemen
Aaron Ekblad, Ivan Provorov, John Klingberg, Erik Gustafsson, Alexander Edler

Scratches
Anton Khudobin (Left Hand Injury)

COLORADO GLACIERCATS

5 vs 5 Forward 
   Center                   Left Wing                Right Wing               Time % Phy DF OF 
 1 Tage Thompson            Jamie Benn               Leon Draisaitl           35     0   1  4  
 2 Tomas Hertl              Bryan Rust               Blake Wheeler            33     0   2  3  
 3 Alexander Wennberg       Cole Perfetti            Nino Niederreiter        27     0   2  3  
 4 Adam Ruzicka             Sam Lafferty             Matt Martin              5      1   3  1  

5 vs 5 Defense 
   Defense                  Defense                                           Time % Phy DF OF 
 1 Kristopher Letang        Devon Toews                                       40     0   2  3  
 2 Vladislav Gavrikov       Vince Dunn                                        36     0   2  3  
 3 Mario Ferraro            Dylan Samberg                                     20     1   3  1  
 4 Kristopher Letang        Vince Dunn                                        4      0   1  4  

PowerPlay Forward 
   Center                   Left Wing                Right Wing               Time % Phy DF OF 
 1 Tage Thompson            Jamie Benn               Leon Draisaitl           50     1   0  4  
 2 Tomas Hertl              Bryan Rust               Blake Wheeler            50     0   0  5  

PowerPlay Defense
   Defense                  Defense                                           Time % Phy DF OF 
 1 Kristopher Letang        Vince Dunn                                        50     0   0  5  
 2 Devon Toews              Vladislav Gavrikov                                50     0   0  5  

Penalty Kill 4 Players Forward 
   Center                   Wing                     Time % Phy DF OF 
 1 Alexander Wennberg       Bryan Rust               50     0   5  0  
 2 Tomas Hertl              Sam Lafferty             50     0   5  0  

Penalty Kill 4 Players Defense
   Defense                  Defense                  Time % Phy DF OF 
 1 Vladislav Gavrikov       Kristopher Letang        50     0   5  0  
 2 Devon Toews              Mario Ferraro            50     0   5  0  

Penalty Kill - 3 Players Forward 
   Forward                                           Time % Phy DF OF 
 1 Tomas Hertl                                       50     0   5  0  
 2 Alexander Wennberg                                50     0   5  0  

Penalty Kill - 3 Players Defense
   Defense                  Defense                  Time % Phy DF OF 
 1 Vladislav Gavrikov       Kristopher Letang        50     0   5  0  
 2 Devon Toews              Mario Ferraro            50     0   5  0  

4 vs 4 Forward 
   Center                   Wing                     Time % Phy DF OF 
 1 Tage Thompson            Jamie Benn               50     0   1  4  
 2 Leon Draisaitl           Tomas Hertl              50     0   1  4  

4 vs 4 Defense
   Defense                  Defense                  Time % Phy DF OF 
 1 Kristopher Letang        Vladislav Gavrikov       45     0   3  2  
 2 Devon Toews              Vince Dunn               55     0   3  2  

Last Minutes Offensive
   Center                   Left Wing                Right Wing               Defense                  Defense                  
   Tomas Hertl              Leon Draisaitl           Tage Thompson            Kristopher Letang        Devon Toews              

Last Minutes Defensive
   Center                   Left Wing                Right Wing               Defense                  Defense                  
   Alexander Wennberg       Tomas Hertl              Leon Draisaitl           Vince Dunn               Kristopher Letang        

Goaltenders
Starting : Andrei Vasilevskiy       
Backup : Pheonix Copley           

Extra Forwards
Normal : Leon Draisaitl, Tage Thompson, Blake Wheeler - PP : Alexander Wennberg, Nino Niederreiter - PK : Jamie Benn
Extra Defensemen
Normal : Vince Dunn, Mario Ferraro, Dylan Samberg - PP : Vince Dunn - PK : Devon Toews, Vladislav Gavrikov
Penalty Shots
Leon Draisaitl, Tage Thompson, Tomas Hertl, Blake Wheeler, Jamie Benn
Custom OT Lines Forwards
Leon Draisaitl, Tage Thompson, Tomas Hertl, Blake Wheeler, Jamie Benn, Bryan Rust, Nino Niederreiter, Cole Perfetti, Adam Ruzicka, Sam Lafferty
Custom OT Lines Defensemen
Kristopher Letang, Devon Toews, Vince Dunn, Mario Ferraro, Vladislav Gavrikov

Scratches
None


% Time on Ice - REGINA FALCONS

Lines # - Real PCT - Wanted PCT - Time Play
Normal Forward
1 - 31% - 36% - 14:44
2 - 31% - 31% - 14:55
3 - 32% - 23% - 15:23
4 - 6% - 10% - 3:00
Normal Defense
1 - 33% - 36% - 16:03
2 - 32% - 31% - 15:29
3 - 26% - 23% - 12:33
4 - 8% - 10% - 3:57
PP Forward
1 - 0% - 55%
2 - 0% - 45%
PP Defense
1 - 0% - 55%
2 - 0% - 45%
PK Forward
1 - 65% - 55% - 6:27
2 - 35% - 45% - 3:32
PK Defense
1 - 55% - 55% - 5:32
2 - 45% - 45% - 4:27
PK3 Forward
1 - 0% - 55%
2 - 0% - 45%
PK3 Defense
1 - 0% - 55%
2 - 0% - 45%
44 Forward
1 - 48% - 55% - 0:57
2 - 52% - 45% - 1:02
44 Defense
1 - 52% - 55% - 1:02
2 - 48% - 45% - 0:57
Last Minute Offensive  - 0:00
Last Minute Defensive  - 0:00
Total
Forward - 60:00
Defense - 60:00

% Time on Ice - COLORADO GLACIERCATS

Lines # - Real PCT - Wanted PCT - Time Play
Normal Forward
1 - 32% - 35% - 15:16
2 - 30% - 33% - 14:33
3 - 28% - 27% - 13:31
4 - 10% - 5% - 4:42
Normal Defense
1 - 35% - 40% - 16:41
2 - 33% - 36% - 15:41
3 - 32% - 20% - 15:27
4 - 0% - 4% - 0:13
PP Forward
1 - 43% - 50% - 4:15
2 - 57% - 50% - 5:44
PP Defense
1 - 61% - 50% - 6:06
2 - 39% - 50% - 3:53
PK Forward
1 - 0% - 50%
2 - 0% - 50%
PK Defense
1 - 0% - 50%
2 - 0% - 50%
PK3 Forward
1 - 0% - 50%
2 - 0% - 50%
PK3 Defense
1 - 0% - 50%
2 - 0% - 50%
44 Forward
1 - 100% - 50% - 1:59
2 - 0% - 50% - 0:00
44 Defense
1 - 0% - 45% - 0:00
2 - 100% - 55% - 1:59
Last Minute Offensive  - 0:00
Last Minute Defensive  - 0:00
Total
Forward - 60:00
Defense - 60:00

Play-by-Play

1st period


0:01 of 1st period - Tage Thompson wins face-off versus Rickard Rakell in neutral zone.
0:31 of 1st period - Shot by Leon Draisaitl.
0:31 of 1st period - Shot Misses the Net.
1:42 of 1st period - Shot by Blake Wheeler.
1:42 of 1st period - Shot Blocked by John Klingberg.
1:44 of 1st period - Shot by Vladislav Gavrikov.
1:44 of 1st period - Stopped by Chris Driedger with a rebound.
1:46 of 1st period - Shot by Blake Wheeler.
1:46 of 1st period - Goal by Blake Wheeler - REGINA FALCONS : 0 - COLORADO GLACIERCATS : 1.
1:47 of 1st period - Alexander Wennberg wins face-off versus Cole Smith in neutral zone.
1:50 of 1st period - Shot by Cole Perfetti.
1:50 of 1st period - Stopped by Chris Driedger without a rebound.
1:51 of 1st period - Alexander Wennberg wins face-off versus Max Jones in REGINA FALCONS zone.
1:53 of 1st period - Nino Niederreiter is hit by Alexander Edler and loses puck.
2:02 of 1st period - Shot by Max Jones.
2:02 of 1st period - Shot Misses the Net.
2:14 of 1st period - Shot by Cole Smith.
2:14 of 1st period - Stopped by Andrei Vasilevskiy without a rebound.
2:15 of 1st period - Adam Ruzicka wins face-off versus Rickard Rakell in COLORADO GLACIERCATS zone.
2:24 of 1st period - Shot by Kristopher Letang.
2:24 of 1st period - Stopped by Chris Driedger without a rebound.
2:25 of 1st period - Alexander Wennberg wins face-off versus Sammy Walker in REGINA FALCONS zone.
2:48 of 1st period - Shot by Cole Perfetti.
2:48 of 1st period - Shot Misses the Net.
2:50 of 1st period - Shot by Cole Perfetti.
2:50 of 1st period - Shot Blocked by Ivan Provorov.
2:52 of 1st period - Shot by Vladislav Gavrikov.
2:52 of 1st period - Stopped by Chris Driedger with a rebound.
2:56 of 1st period - Shot by Alexander Wennberg.
2:56 of 1st period - Shot Blocked by Aaron Ekblad.
2:58 of 1st period - Shot by Vince Dunn.
2:58 of 1st period - Shot Misses the Net.
3:15 of 1st period - Icing by Vince Dunn.
3:16 of 1st period - Alexander Wennberg wins face-off versus Max Jones in COLORADO GLACIERCATS zone.
3:32 of 1st period - Devon Toews is hit by Cole Smith and loses puck.
3:39 of 1st period - Shot by Blake Wheeler.
3:39 of 1st period - Stopped by Chris Driedger without a rebound.
3:40 of 1st period - Tage Thompson wins face-off versus Rickard Rakell in REGINA FALCONS zone.
4:16 of 1st period - Dylan Samberg is hit by Rickard Rakell and loses puck.
4:56 of 1st period - Shot by Aaron Ekblad.
4:56 of 1st period - Shot Misses the Net.
4:58 of 1st period - Shot by Eric Robinson.
4:58 of 1st period - Shot Misses the Net.
5:00 of 1st period - Shot by Eric Robinson.
5:00 of 1st period - Shot Misses the Net.
5:02 of 1st period - Shot by Eric Robinson.
5:02 of 1st period - Shot Blocked by Blake Wheeler.
5:31 of 1st period - Eric Robinson is hit by Blake Wheeler and loses puck.
5:40 of 1st period - Jacob Peterson is hit by Bryan Rust and loses puck.
5:46 of 1st period - Pierre-Olivier Joseph is hit by Bryan Rust and loses puck.
5:52 of 1st period - Icing by Kristopher Letang.
5:53 of 1st period - Tomas Hertl wins face-off versus Max Jones in COLORADO GLACIERCATS zone.
6:00 of 1st period - Icing by Kristopher Letang.
6:01 of 1st period - Tomas Hertl wins face-off versus Cole Smith in COLORADO GLACIERCATS zone.
6:56 of 1st period - Icing by Cole Smith.
6:57 of 1st period - Tage Thompson wins face-off versus Max Jones in REGINA FALCONS zone.
7:31 of 1st period - Shot by David Pastrnak.
7:31 of 1st period - Stopped by Andrei Vasilevskiy without a rebound.
7:32 of 1st period - Adam Ruzicka wins face-off versus Jacob Peterson in COLORADO GLACIERCATS zone.
7:36 of 1st period - Icing by Vince Dunn.
7:37 of 1st period - Rickard Rakell wins face-off versus Adam Ruzicka in COLORADO GLACIERCATS zone.
7:40 of 1st period - Shot by David Pastrnak.
7:40 of 1st period - Shot Misses the Net.
8:06 of 1st period - Shot by David Pastrnak.
8:06 of 1st period - Goal by David Pastrnak - REGINA FALCONS : 1 - COLORADO GLACIERCATS : 1.
8:07 of 1st period - Tage Thompson wins face-off versus Jacob Peterson in neutral zone.
10:08 of 1st period - Shot by Alexander Wennberg.
10:08 of 1st period - Shot Blocked by Ivan Provorov.
10:32 of 1st period - Shot by Alexander Wennberg.
10:32 of 1st period - Shot Blocked by Ivan Provorov.
10:34 of 1st period - Shot by Mario Ferraro.
10:34 of 1st period - Stopped by Chris Driedger without a rebound.
10:35 of 1st period - Max Jones wins face-off versus Leon Draisaitl in REGINA FALCONS zone.
10:57 of 1st period - Icing by Alexander Edler.
10:58 of 1st period - Tomas Hertl wins face-off versus Max Jones in REGINA FALCONS zone.
11:58 of 1st period - Alexander Wennberg is hit by Max Jones and loses puck.
12:15 of 1st period - Shot by David Pastrnak.
12:15 of 1st period - Shot Misses the Net.
12:35 of 1st period - Shot by Alexander Wennberg.
12:35 of 1st period - Shot Misses the Net.
13:05 of 1st period - Shot by John Klingberg.
13:05 of 1st period - Shot Misses the Net.
13:09 of 1st period - Shot by Jason Zucker.
13:09 of 1st period - Stopped by Andrei Vasilevskiy with a rebound.
13:11 of 1st period - Shot by Jacob Peterson.
13:11 of 1st period - Stopped by Andrei Vasilevskiy without a rebound.
13:12 of 1st period - Adam Ruzicka wins face-off versus Sammy Walker in COLORADO GLACIERCATS zone.
13:12 of 1st period - Adam Ruzicka is hit by Jason Zucker.
14:18 of 1st period - Shot by Rickard Rakell.
14:18 of 1st period - Goal by Rickard Rakell - REGINA FALCONS : 2 - COLORADO GLACIERCATS : 1.
14:19 of 1st period - Tage Thompson wins face-off versus Max Jones in neutral zone.
15:32 of 1st period - Shot by David Pastrnak.
15:32 of 1st period - Shot Misses the Net.
15:34 of 1st period - Shot by John Klingberg.
15:34 of 1st period - Stopped by Andrei Vasilevskiy with a rebound.
16:16 of 1st period - Icing by Tomas Hertl.
16:17 of 1st period - Tomas Hertl wins face-off versus Simon Ryfors in COLORADO GLACIERCATS zone.
16:17 of 1st period - Tomas Hertl is hit by Cole Smith.
17:12 of 1st period - Shot by David Pastrnak.
17:12 of 1st period - Shot Misses the Net.
17:27 of 1st period - Shot by David Pastrnak.
17:27 of 1st period - Shot Misses the Net.
17:39 of 1st period - Shot by David Pastrnak.
17:39 of 1st period - Shot Blocked by Vladislav Gavrikov.
17:41 of 1st period - Shot by Andrei Kuzmenko.
17:41 of 1st period - Stopped by Andrei Vasilevskiy without a rebound.
17:42 of 1st period - Adam Ruzicka wins face-off versus Jacob Peterson in COLORADO GLACIERCATS zone.
17:42 of 1st period - Adam Ruzicka is hit by Eric Robinson.
17:56 of 1st period - Shot by Kristopher Letang.
17:56 of 1st period - Stopped by Chris Driedger without a rebound.
17:57 of 1st period - Blake Wheeler wins face-off versus Jacob Peterson in REGINA FALCONS zone.
18:04 of 1st period - Shot by Bryan Rust.
18:04 of 1st period - Shot Misses the Net.
18:06 of 1st period - Shot by Mario Ferraro.
18:06 of 1st period - Stopped by Chris Driedger without a rebound.
18:07 of 1st period - Tomas Hertl wins face-off versus Rickard Rakell in REGINA FALCONS zone.
19:22 of 1st period - Shot by Jason Zucker.
19:22 of 1st period - Deflect By Eric Robinson.
19:22 of 1st period - Stopped by Andrei Vasilevskiy without a rebound.
19:23 of 1st period - Tage Thompson wins face-off versus Jacob Peterson in COLORADO GLACIERCATS zone.
19:56 of 1st period - Shot by Tage Thompson.
19:56 of 1st period - Shot Misses the Net.
Goals for this period are 2 for REGINA FALCONS vs 1 for COLORADO GLACIERCATS.
Shots for this period are 9 for REGINA FALCONS vs 9 for COLORADO GLACIERCATS.

2nd period


0:01 of 2nd period - Alexander Wennberg wins face-off versus Sammy Walker in neutral zone.
0:03 of 2nd period - Off-side.
0:04 of 2nd period - Alexander Wennberg wins face-off versus Sammy Walker in neutral zone.
0:59 of 2nd period - Icing by Nino Niederreiter.
1:00 of 2nd period - Alexander Wennberg wins face-off versus Max Jones in COLORADO GLACIERCATS zone.
1:02 of 2nd period - Minor Penalty to Cole Perfetti for Slashing.
1:02 of 2nd period - Minor Penalty to Max Jones for Hooking.
1:03 of 2nd period - David Pastrnak wins face-off versus Tage Thompson in neutral zone.
1:20 of 2nd period - Shot by David Pastrnak.
1:20 of 2nd period - Shot Misses the Net.
1:22 of 2nd period - Shot by Rickard Rakell.
1:22 of 2nd period - Shot Misses the Net.
1:49 of 2nd period - Icing by Devon Toews.
1:50 of 2nd period - Tage Thompson wins face-off versus Andrei Kuzmenko in COLORADO GLACIERCATS zone.
1:50 of 2nd period - Tage Thompson is hit by Jason Zucker.
2:24 of 2nd period - Shot by Andrei Kuzmenko.
2:24 of 2nd period - Shot Misses the Net.
2:30 of 2nd period - Shot by Andrei Kuzmenko.
2:30 of 2nd period - Deflect By Jason Zucker.
2:30 of 2nd period - Shot Misses the Net.
3:06 of 2nd period - Shot by Cole Smith.
3:06 of 2nd period - Shot Blocked by Mario Ferraro.
3:20 of 2nd period - Max Jones is hit by Bryan Rust.
3:29 of 2nd period - Minor Penalty to Alexander Edler for Elbowing.
3:30 of 2nd period - Tomas Hertl wins face-off versus Rickard Rakell in REGINA FALCONS zone.
4:04 of 2nd period - Shot by Kristopher Letang.
4:04 of 2nd period - Stopped by Chris Driedger without a rebound.
4:05 of 2nd period - Nino Niederreiter wins face-off versus Andrei Kuzmenko in REGINA FALCONS zone.
4:30 of 2nd period - Shot by Kristopher Letang.
4:30 of 2nd period - Stopped by Chris Driedger with a rebound.
5:24 of 2nd period - Shot by Tomas Hertl.
5:24 of 2nd period - Shot Misses the Net.
5:26 of 2nd period - Shot by Tomas Hertl.
5:26 of 2nd period - Shot Misses the Net.
5:28 of 2nd period - Shot by Blake Wheeler.
5:28 of 2nd period - Goal by Blake Wheeler - REGINA FALCONS : 2 - COLORADO GLACIERCATS : 2.
5:29 of 2nd period - Max Jones wins face-off versus Adam Ruzicka in neutral zone.
5:29 of 2nd period - Matthew Grzelcyk is hit by Matt Martin and loses puck.
5:33 of 2nd period - Cole Smith is hit by Matt Martin and loses puck.
6:25 of 2nd period - Shot by David Pastrnak.
6:25 of 2nd period - Shot Misses the Net.
6:27 of 2nd period - Shot by Erik Gustafsson.
6:27 of 2nd period - Goal by Erik Gustafsson - REGINA FALCONS : 3 - COLORADO GLACIERCATS : 2.
6:28 of 2nd period - Jacob Peterson wins face-off versus Tage Thompson in neutral zone.
6:55 of 2nd period - Shot by Jamie Benn.
6:55 of 2nd period - Goal by Jamie Benn - REGINA FALCONS : 3 - COLORADO GLACIERCATS : 3.
6:56 of 2nd period - Tomas Hertl wins face-off versus Rickard Rakell in neutral zone.
7:10 of 2nd period - Icing by John Klingberg.
7:11 of 2nd period - Alexander Wennberg wins face-off versus Rickard Rakell in REGINA FALCONS zone.
7:11 of 2nd period - Alexander Wennberg is hit by John Klingberg.
7:20 of 2nd period - Alexander Wennberg is hit by John Klingberg and loses puck.
7:50 of 2nd period - Minor Penalty to Erik Gustafsson for Charging.
7:51 of 2nd period - Tage Thompson wins face-off versus David Pastrnak in REGINA FALCONS zone.
8:54 of 2nd period - Shot by Blake Wheeler.
8:54 of 2nd period - Stopped by Chris Driedger with a rebound.
9:14 of 2nd period - Shot by Kristopher Letang.
9:14 of 2nd period - Stopped by Chris Driedger with a rebound.
9:16 of 2nd period - Shot by Tomas Hertl.
9:16 of 2nd period - Deflect By Bryan Rust.
9:16 of 2nd period - Shot Misses the Net.
9:18 of 2nd period - Shot by Blake Wheeler.
9:18 of 2nd period - Stopped by Chris Driedger without a rebound.
9:19 of 2nd period - Tage Thompson wins face-off versus Andrei Kuzmenko in REGINA FALCONS zone.
9:37 of 2nd period - Icing by Devon Toews.
9:38 of 2nd period - David Pastrnak wins face-off versus Tage Thompson in COLORADO GLACIERCATS zone.
10:41 of 2nd period - Dylan Samberg is hit by Jason Zucker and loses puck.
10:53 of 2nd period - Icing by Eric Robinson.
10:54 of 2nd period - Tomas Hertl wins face-off versus Jacob Peterson in REGINA FALCONS zone.
10:54 of 2nd period - Vince Dunn is hit by Aaron Ekblad and loses puck.
11:03 of 2nd period - Shot by Eric Robinson.
11:03 of 2nd period - Stopped by Andrei Vasilevskiy with a rebound.
11:05 of 2nd period - Shot by Aaron Ekblad.
11:05 of 2nd period - Deflect By Jason Zucker.
11:05 of 2nd period - Shot Blocked by Vince Dunn.
11:17 of 2nd period - Shot by Jason Zucker.
11:17 of 2nd period - Shot Misses the Net.
11:19 of 2nd period - Shot by Ivan Provorov.
11:19 of 2nd period - Shot Blocked by Tomas Hertl.
11:21 of 2nd period - Shot by Eric Robinson.
11:21 of 2nd period - Shot Misses the Net.
11:53 of 2nd period - Shot by David Pastrnak.
11:53 of 2nd period - Goal by David Pastrnak - REGINA FALCONS : 4 - COLORADO GLACIERCATS : 3.
11:54 of 2nd period - Leon Draisaitl wins face-off versus Max Jones in neutral zone.
12:04 of 2nd period - Shot by Jamie Benn.
12:04 of 2nd period - Stopped by Chris Driedger without a rebound.
12:05 of 2nd period - Tage Thompson wins face-off versus Rickard Rakell in REGINA FALCONS zone.
12:36 of 2nd period - Shot by Tage Thompson.
12:36 of 2nd period - Shot Blocked by Andrei Kuzmenko.
12:44 of 2nd period - Leon Draisaitl is hit by Rickard Rakell and loses puck.
13:22 of 2nd period - Shot by Eric Robinson.
13:22 of 2nd period - Shot Blocked by Dylan Samberg.
14:18 of 2nd period - Shot by Cole Smith.
14:18 of 2nd period - Stopped by Andrei Vasilevskiy without a rebound.
14:19 of 2nd period - Max Jones wins face-off versus Tomas Hertl in COLORADO GLACIERCATS zone.
14:43 of 2nd period - Shot by Blake Wheeler.
14:43 of 2nd period - Deflect By Bryan Rust.
14:43 of 2nd period - Stopped by Chris Driedger with a rebound.
15:50 of 2nd period - Off-side.
15:51 of 2nd period - Adam Ruzicka wins face-off versus Rickard Rakell in neutral zone.
15:51 of 2nd period - Adam Ruzicka is hit by David Pastrnak.
16:42 of 2nd period - Minor Penalty to David Pastrnak for Hooking.
16:43 of 2nd period - Tomas Hertl wins face-off versus Jacob Peterson in REGINA FALCONS zone.
16:56 of 2nd period - Shot by Bryan Rust.
16:56 of 2nd period - Stopped by Chris Driedger without a rebound.
16:57 of 2nd period - Tage Thompson wins face-off versus Rickard Rakell in REGINA FALCONS zone.
16:58 of 2nd period - Shot by Leon Draisaitl.
16:58 of 2nd period - Deflect By Tage Thompson.
16:58 of 2nd period - Stopped by Chris Driedger without a rebound.
16:59 of 2nd period - Jacob Peterson wins face-off versus Tomas Hertl in REGINA FALCONS zone.
17:31 of 2nd period - Icing by Kristopher Letang.
17:32 of 2nd period - Andrei Kuzmenko wins face-off versus Tomas Hertl in COLORADO GLACIERCATS zone.
17:41 of 2nd period - Icing by Bryan Rust.
17:42 of 2nd period - Tomas Hertl wins face-off versus Jacob Peterson in COLORADO GLACIERCATS zone.
17:44 of 2nd period - Icing by Blake Wheeler.
17:45 of 2nd period - Bryan Rust wins face-off versus Jacob Peterson in COLORADO GLACIERCATS zone.
18:19 of 2nd period - Icing by Tomas Hertl.
18:20 of 2nd period - Andrei Kuzmenko wins face-off versus Blake Wheeler in COLORADO GLACIERCATS zone.
18:40 of 2nd period - Icing by Tage Thompson.
18:41 of 2nd period - Tage Thompson wins face-off versus Jacob Peterson in COLORADO GLACIERCATS zone.
18:45 of 2nd period - Minor Penalty to Cole Smith for Hooking.
18:46 of 2nd period - Tage Thompson wins face-off versus David Pastrnak in REGINA FALCONS zone.
18:47 of 2nd period - Shot by Jamie Benn.
18:47 of 2nd period - Shot Blocked by Aaron Ekblad.
18:49 of 2nd period - Shot by Devon Toews.
18:49 of 2nd period - Goal by Devon Toews - REGINA FALCONS : 4 - COLORADO GLACIERCATS : 4.
18:50 of 2nd period - Tage Thompson wins face-off versus Jacob Peterson in neutral zone.
19:03 of 2nd period - Shot by Tage Thompson.
19:03 of 2nd period - Shot Misses the Net.
19:59 of 2nd period - Shot by Bryan Rust.
19:59 of 2nd period - Shot Misses the Net.
Goals for this period are 2 for REGINA FALCONS vs 3 for COLORADO GLACIERCATS.
Shots for this period are 4 for REGINA FALCONS vs 12 for COLORADO GLACIERCATS.

3rd period


0:01 of 3rd period - Rickard Rakell wins face-off versus Tage Thompson in neutral zone.
0:10 of 3rd period - Shot by Rickard Rakell.
0:10 of 3rd period - Shot Misses the Net.
0:42 of 3rd period - Aaron Ekblad is hit by Jamie Benn and loses puck.
0:56 of 3rd period - Off-side.
0:57 of 3rd period - Tomas Hertl wins face-off versus Jacob Peterson in neutral zone.
1:12 of 3rd period - Icing by John Klingberg.
1:13 of 3rd period - Alexander Wennberg wins face-off versus Jacob Peterson in REGINA FALCONS zone.
1:42 of 3rd period - Shot by Eric Robinson.
1:42 of 3rd period - Shot Misses the Net.
1:44 of 3rd period - Shot by John Klingberg.
1:44 of 3rd period - Stopped by Andrei Vasilevskiy without a rebound.
1:45 of 3rd period - Tomas Hertl wins face-off versus Max Jones in COLORADO GLACIERCATS zone.
1:45 of 3rd period - Tomas Hertl is hit by Cole Smith.
1:57 of 3rd period - Max Jones is hit by Bryan Rust and loses puck.
2:05 of 3rd period - Icing by Aaron Ekblad.
2:06 of 3rd period - Max Jones wins face-off versus Tage Thompson in REGINA FALCONS zone.
2:22 of 3rd period - Leon Draisaitl is hit by Aaron Ekblad.
2:25 of 3rd period - Minor Penalty to Aaron Ekblad for Holding.
2:26 of 3rd period - Tomas Hertl wins face-off versus David Pastrnak in REGINA FALCONS zone.
3:09 of 3rd period - Shot by Blake Wheeler.
3:09 of 3rd period - Stopped by Chris Driedger without a rebound.
3:10 of 3rd period - Tage Thompson wins face-off versus Andrei Kuzmenko in REGINA FALCONS zone.
4:28 of 3rd period - Devon Toews is hit by Pierre-Olivier Joseph and loses puck.
4:41 of 3rd period - Shot by Cole Perfetti.
4:41 of 3rd period - Shot Misses the Net.
4:54 of 3rd period - Alexander Wennberg is hit by Aaron Ekblad and loses puck.
5:07 of 3rd period - Minor Penalty to Pierre-Olivier Joseph for Tripping.
5:08 of 3rd period - Tomas Hertl wins face-off versus David Pastrnak in REGINA FALCONS zone.
5:09 of 3rd period - Shot by Bryan Rust.
5:09 of 3rd period - Shot Misses the Net.
5:11 of 3rd period - Shot by Tomas Hertl.
5:11 of 3rd period - Deflect By Blake Wheeler.
5:11 of 3rd period - Shot Misses the Net.
5:13 of 3rd period - Shot by Devon Toews.
5:13 of 3rd period - Shot Misses the Net.
5:15 of 3rd period - Shot by Tomas Hertl.
5:15 of 3rd period - Shot Misses the Net.
5:41 of 3rd period - Shot by Devon Toews.
5:41 of 3rd period - Shot Misses the Net.
5:43 of 3rd period - Shot by Vladislav Gavrikov.
5:43 of 3rd period - Stopped by Chris Driedger without a rebound.
5:44 of 3rd period - Tage Thompson wins face-off versus Andrei Kuzmenko in REGINA FALCONS zone.
5:49 of 3rd period - Shot by Jamie Benn.
5:49 of 3rd period - Stopped by Chris Driedger without a rebound.
5:50 of 3rd period - Tage Thompson wins face-off versus Andrei Kuzmenko in REGINA FALCONS zone.
7:09 of 3rd period - Shot by Tomas Hertl.
7:09 of 3rd period - Shot Misses the Net.
7:17 of 3rd period - Shot by Cole Perfetti.
7:17 of 3rd period - Stopped by Chris Driedger without a rebound.
7:18 of 3rd period - Max Jones wins face-off versus Adam Ruzicka in REGINA FALCONS zone.
8:02 of 3rd period - Icing by Alexander Edler.
8:03 of 3rd period - Tomas Hertl wins face-off versus Max Jones in REGINA FALCONS zone.
9:58 of 3rd period - Shot by Jamie Benn.
9:58 of 3rd period - Stopped by Chris Driedger without a rebound.
9:59 of 3rd period - Alexander Wennberg wins face-off versus Max Jones in REGINA FALCONS zone.
10:10 of 3rd period - Shot by Max Jones.
10:10 of 3rd period - Stopped by Andrei Vasilevskiy with a rebound.
11:21 of 3rd period - Shot by Tage Thompson.
11:21 of 3rd period - Shot Blocked by John Klingberg.
11:23 of 3rd period - Shot by Kristopher Letang.
11:23 of 3rd period - Shot Misses the Net.
11:25 of 3rd period - Shot by Leon Draisaitl.
11:25 of 3rd period - Shot Misses the Net.
12:09 of 3rd period - Bryan Rust is hit by Jason Zucker and loses puck.
13:11 of 3rd period - Off-side.
13:12 of 3rd period - Alexander Wennberg wins face-off versus Rickard Rakell in neutral zone.
13:15 of 3rd period - Shot by Cole Perfetti.
13:15 of 3rd period - Shot Misses the Net.
13:17 of 3rd period - Shot by Nino Niederreiter.
13:17 of 3rd period - The goal is going for a video replay.
13:17 of 3rd period - The goal is refused.
13:18 of 3rd period - Tage Thompson wins face-off versus Rickard Rakell in REGINA FALCONS zone.
13:38 of 3rd period - Shot by Leon Draisaitl.
13:38 of 3rd period - Shot Misses the Net.
14:13 of 3rd period - Shot by Blake Wheeler.
14:13 of 3rd period - Stopped by Chris Driedger without a rebound.
14:14 of 3rd period - Tomas Hertl wins face-off versus Max Jones in REGINA FALCONS zone.
14:40 of 3rd period - Shot by Blake Wheeler.
14:40 of 3rd period - Stopped by Chris Driedger without a rebound.
14:41 of 3rd period - Rickard Rakell wins face-off versus Alexander Wennberg in REGINA FALCONS zone.
15:22 of 3rd period - Shot by Cole Smith.
15:22 of 3rd period - Shot Misses the Net.
15:24 of 3rd period - Shot by Cole Smith.
15:24 of 3rd period - Stopped by Andrei Vasilevskiy without a rebound.
15:25 of 3rd period - Max Jones wins face-off versus Bryan Rust in COLORADO GLACIERCATS zone.
15:51 of 3rd period - Shot by Max Jones.
15:51 of 3rd period - Stopped by Andrei Vasilevskiy without a rebound.
15:52 of 3rd period - Tage Thompson wins face-off versus Sammy Walker in COLORADO GLACIERCATS zone.
16:24 of 3rd period - Shot by Jason Zucker.
16:24 of 3rd period - Stopped by Andrei Vasilevskiy without a rebound.
16:25 of 3rd period - Tomas Hertl wins face-off versus Max Jones in COLORADO GLACIERCATS zone.
17:41 of 3rd period - Shot by Leon Draisaitl.
17:41 of 3rd period - Stopped by Chris Driedger with a rebound.
17:43 of 3rd period - Shot by Jamie Benn.
17:43 of 3rd period - Stopped by Chris Driedger without a rebound.
17:44 of 3rd period - Alexander Wennberg wins face-off versus Rickard Rakell in REGINA FALCONS zone.
18:03 of 3rd period - Shot by Cole Perfetti.
18:03 of 3rd period - Stopped by Chris Driedger without a rebound.
18:04 of 3rd period - Tage Thompson wins face-off versus Sammy Walker in REGINA FALCONS zone.
18:07 of 3rd period - Shot by Leon Draisaitl.
18:07 of 3rd period - Stopped by Chris Driedger with a rebound.
18:09 of 3rd period - Shot by Devon Toews.
18:09 of 3rd period - Shot Misses the Net.
18:11 of 3rd period - Shot by Kristopher Letang.
18:11 of 3rd period - Stopped by Chris Driedger without a rebound.
18:12 of 3rd period - Max Jones wins face-off versus Tage Thompson in REGINA FALCONS zone.
18:21 of 3rd period - Shot by Cole Smith.
18:21 of 3rd period - Shot Misses the Net.
18:53 of 3rd period - Shot by Jamie Benn.
18:53 of 3rd period - Shot Blocked by Ivan Provorov.
18:55 of 3rd period - Shot by Vladislav Gavrikov.
18:55 of 3rd period - Shot Blocked by Ivan Provorov.
18:57 of 3rd period - Shot by Jamie Benn.
18:57 of 3rd period - Stopped by Chris Driedger without a rebound.
18:58 of 3rd period - Rickard Rakell wins face-off versus Bryan Rust in REGINA FALCONS zone.
19:13 of 3rd period - Icing by John Klingberg.
19:14 of 3rd period - Rickard Rakell wins face-off versus Alexander Wennberg in REGINA FALCONS zone.
19:22 of 3rd period - Icing by Mario Ferraro.
19:23 of 3rd period - Jacob Peterson wins face-off versus Nino Niederreiter in COLORADO GLACIERCATS zone.
Goals for this period are 0 for REGINA FALCONS vs 0 for COLORADO GLACIERCATS.
Shots for this period are 5 for REGINA FALCONS vs 14 for COLORADO GLACIERCATS.

Overtime #1


0:01 of 1st overtime period - David Pastrnak wins face-off versus Leon Draisaitl in neutral zone.
0:32 of 1st overtime period - Shot by Tage Thompson.
0:32 of 1st overtime period - Shot Misses the Net.
0:40 of 1st overtime period - Shot by David Pastrnak.
0:40 of 1st overtime period - Goal by David Pastrnak - REGINA FALCONS : 5 - COLORADO GLACIERCATS : 4.
Goals for this period are 1 for REGINA FALCONS vs 0 for COLORADO GLACIERCATS.
Shots for this period are 1 for REGINA FALCONS vs 0 for COLORADO GLACIERCATS.


BLAKE
WHEELER
STEVEN
STAMKOS
DREW
DOUGHTY

EAST COAST

HOCKEY LEAGUE

  • 63.RHI2PIT5
  • 64.WOR4ATL3
  • 65.QUECHW
  • 66.CHATRV